 Dungeon Crawl Stone Soup version 0.23.2-1-ga50397a (webtiles) character file.

Game seed: 2404315533072489879

800 IBeShadow the Skirmisher (level 7, -1/73 HPs)
             Began as a Naga Transmuter on May 7, 2019.
             Slain by a gnoll
             ... wielding a +0 club
              (3 damage)
             ... on level 5 of the Dungeon.
             The game lasted 00:15:22 (4855 turns).

IBeShadow the Skirmisher (Naga Transmuter)          Turns: 4855, Time: 00:15:22

Health: -1/73      AC:  6    Str:  9 (12) XL:     7   Next: 90%
Magic:  10/10      EV:  1    Int: 13 (16) God:
Gold:   185        SH:  4    Dex: 10 (11) Spells: 9/10 levels left

rFire    + . .     SeeInvis +   p - +7 mace "Plog" {crush, +Rage rC+ rN+ Stlth+}
rCold    . . .     Gourm    .   (no shield)
rNeg     + . .     Faith    .   g - +0 chain mail
rPois    +         Spirit   .   (no helmet)
rElec    .         Reflect  .   (no cloak)
rCorr    .         Harm     .   (no gloves)
MR       .....                  (no barding)
Stlth    ..........             e - amulet of regeneration
HPRegen  0.62/turn              c - ring of flight
MPRegen  0.12/turn              j - ring of fire

@: short of breath, very slow
A: large, large bone plates 1, see invisible, deformed body, poison resistance,
robust 1, slowness 2, slow metabolism 1, spit poison 1, AC +2
a: Spit Poison, Evoke Berserk Rage, Evoke Flight


You were on level 5 of the Dungeon.
You were not hungry.

You visited 1 branch of the dungeon, and saw 5 of its levels.

You collected 185 gold pieces.

Inventory:

Hand Weapons
 f - a +1 hunting sling
 p - the +7 mace "Plog" (weapon) {crush, +Rage rC+ rN+ Stlth+}
   (You found it on level 4 of the Dungeon)

   It inflicts extra damage upon your enemies.
   It protects you from cold.
   It protects you from negative energy.
   It lets you go berserk.
   It makes you more stealthy.
Missiles
 a - 101 arrows
 h - 64 sling bullets
Armour
 b - a +0 robe
 g - a +0 chain mail (worn)
Jewellery
 c - a ring of flight (left hand)
 e - an amulet of regeneration (around neck)
 j - a ring of fire (right hand)
 q - an uncursed ring of attention
 s - an uncursed ring of protection from magic {unknown}
 w - an uncursed ring of see invisible {unknown}
Scrolls
 i - a scroll of fog {unknown}
 k - a scroll of identify
 l - 5 scrolls of magic mapping
 m - a scroll of enchant weapon
 o - 4 scrolls of remove curse
 r - a scroll of enchant armour {unknown}
Potions
 n - a potion of mutation
 v - a potion of resistance
Comestibles
 d - a ration


   Skills:
 + Level 5.0 Fighting
 + Level 3.7 Maces & Flails
 + Level 3.2 Slings
 - Level 1.5 Dodging
 - Level 3.0 Unarmed Combat
 - Level 2.0 Spellcasting
 + Level 4.4 Transmutations


You had 9 spell levels left.
You knew the following spells:

 Your Spells              Type           Power        Failure   Level  Hunger
a - Beastly Appendage     Tmut           ##....       99%         1    ##.....

Your spell library contained the following spells:

 Spells                   Type           Power        Failure   Level  Hunger
 Confusing Touch          Hex            #.....       100%        1    ##.....
 Sticks to Snakes         Tmut           ##......     100%        2    ###....
 Confuse                  Hex            #.......     100%        3    ####...
 Gell's Gravitas          Tloc           #.........   100%        3    ####...
 Spider Form              Tmut/Pois      #.........   100%        3    ####...
 Ice Form                 Ice/Tmut       #.......     100%        4    #####..
 Petrify                  Tmut/Erth      #.......     100%        4    #####..
 Blade Hands              Tmut           ##........   100%        5    ######.
 Metabolic Englaciation   Hex/Ice        #.........   100%        5    ######.
 Yara's Violent Unravell  Hex/Tmut       #.........   100%        5    ######.


Dungeon Overview and Level Annotations

Branches:
Dungeon (5/15)
 Temple: D:4-7

Altars:
Nemelex Xobeh

Shops:
D:4 [

Annotations:
D:4 Pikel


Innate Abilities, Weirdness & Mutations

You cannot wear boots.
Your serpentine skin is tough. (AC +2)
You have supernaturally acute eyesight. (SInv)
Armour fits poorly on your strangely shaped body.
Your system is resistant to poisons. (rPois)
You cover ground very slowly.
You have a slow metabolism.
You can spit poison.
You are partially covered in large bone plates. (SH +4)
You are robust. (+10% HP)


Message History

* * * LOW HITPOINT WARNING * * *
The gnoll sergeant hits you with a +0 spear of freezing.
* * * LOW HITPOINT WARNING * * *
The gnoll sergeant freezes you.
* * * LOW HITPOINT WARNING * * *
The gnoll hits you but does no damage. You block the gnoll sergeant's attack.
Press: ? - help, Shift-Dir - straight line, f/p - gnoll sergeant
Aim: a gnoll sergeant, wielding a +0 spear of freezing, wearing a +0 ring mail and wearing a +0 buckler (severely wounded)
The gnoll sergeant blocks the splash of poison.
You feel slightly more hungry.
The gnoll sergeant hits you with a +0 spear of freezing!
* * * LOW HITPOINT WARNING * * *
The gnoll sergeant freezes you.
* * * LOW HITPOINT WARNING * * *
Okay, then.
Okay, then.
You hit the gnoll sergeant.
The gnoll sergeant is almost dead.
The gnoll hits you with a +0 club.
You die...

#......##.######.##((###.....#
##......#.###.......##........
#.........#.........###......)
##...............(<...........
###.....###....(###..........
##.....#..##(## ##.........
###...#.#.#(.###.....#.###
#.........g.###......### #
#........@...##......## #
######.....(g...##.......# #
##.###.##.................####
#..##..............#........##
#.......#....##....##.##..#.##
#......##...#####...####..(.##
###.............#...#####.....
##...##.............##.....(.
#..............###...#...#...


You could see a gnoll sergeant and a gnoll.

Vanquished Creatures
  An ice beast (D:5)
  A phantom (D:3)
  A slave (D:3)
  3 scorpions
  A howler monkey (D:5)
  3 orc priests
  2 hounds
  An orc wizard (D:4)
  2 worker ants
  2 hound skeletons (D:4)
  2 gnolls (D:5)
  7 adders
  A shadow imp (D:5)
  2 oozes
  5 dart slugs
  A leopard gecko (D:3)
  10 orcs
  4 bats
  3 giant cockroaches
  3 goblins
  5 hobgoblins
  5 jackals
  3 kobolds
  8 quokkas
  2 ball pythons
  7 frilled lizards
  A jackal zombie (D:5)
  6 rats
92 creatures vanquished.

Notes
Turn   | Place    | Note
-------+----------+-------------------------------------------
     0 | D:1      | IBeShadow the Naga Transmuter began the quest for the Orb.
     0 | D:1      | Reached XP level 1. HP: 18/18 MP: 3/3
   410 | D:1      | Reached XP level 2. HP: 26/26 MP: 5/5
   678 | D:1      | Reached skill level 2 in Fighting
  1093 | D:2      | Reached XP level 3. HP: 30/32 MP: 6/6
  1590 | D:2      | Reached skill level 1 in Maces & Flails
  1885 | D:3      | Reached skill level 1 in Slings
  1885 | D:3      | Reached XP level 4. HP: 39/40 MP: 7/7
  2046 | D:3      | Reached skill level 3 in Fighting
  2477 | D:3      | Reached XP level 5. HP: 49/49 MP: 8/8
  2729 | D:4      | Noticed a phantom
  2961 | D:4      | Gained mutation: You are partially covered in large bone
                  | plates. (SH +4) [potion of mutation]
  2961 | D:4      | Gained mutation: You are robust. (+10% HP) [potion of
                  | mutation]
  2966 | D:4      | HP: 1/53 [scorpion (6)]
  3166 | D:3      | Killed a phantom
  3166 | D:3      | Reached skill level 4 in Fighting
  3166 | D:3      | Reached XP level 6. HP: 33/62 MP: 9/9
  3324 | D:4      | Got a twisted mace
  3325 | D:4      | Identified the +7 mace "Plog" {crush, +Rage rC+ rN+ Stlth+}
                  | (You found it on level 4 of the Dungeon)
  3670 | D:4      | Noticed a slave
  3671 | D:4      | Noticed Pikel
  3671 | D:4      | Noticed a slave
  3671 | D:4      | Noticed a slave
  3671 | D:4      | Noticed a slave
  3734 | D:3      | Killed a slave
  4006 | D:4      | Found Icuagg's Armour Shop.
  4075 | D:5      | Entered Level 5 of the Dungeon
  4094 | D:5      | Reached XP level 7. HP: 72/72 MP: 10/10
  4406 | D:5      | Reached skill level 5 in Fighting
  4459 | D:5      | Found a sparkling altar of Nemelex Xobeh.
  4854 | D:5      | HP: 2/73 [gnoll sergeant/+0 spear of freezing (2)]
  4855 | D:5      | Slain by a gnoll

Skill      XL: |  1  2  3  4  5  6  7 |
---------------+----------------------+-----
Fighting       | 2 3 4 5 |  5.0
Maces & Flails | 1 2 3 |  3.7
Slings         | 1 2 3 |  3.2
Transmutations | 3 4 |  4.4
Dodging        | |  1.5
Unarmed Combat | |  3.0
Spellcasting   | |  2.0

Action                   |  1- 3 |  4- 6 |  7- 9 || total
-------------------------+-------+-------+-------++-------
Melee: Unarmed           |     9 |       |       ||     9
       Club              |    26 |       |       ||    26
       Mace              |   121 |   277 |    51 ||   449
 Fire: Hunting sling     |       |       |    24 ||    24
 Abil: Spit Poison       |    15 |    18 |    12 ||    45
  Use: Potion            |       |     3 |     2 ||     5
       Scroll            |       |     6 |     1 ||     7
  Eat: Chunk             |     2 |     5 |     1 ||     8
       Ration            |       |     1 |     1 ||     2
Armor: Chain mail        |   128 |   211 |    40 ||   379
Dodge: Dodged            |    38 |    66 |    10 ||   114
Block: Other             |       |    22 |    15 ||    37
